 Dungeon Crawl Stone Soup version 0.19.0-19-g8c6edcc (webtiles) character file.

10734 Gargoyl the Carver (level 11, -4/99 HPs)
             Began as a Demonspawn Abyssal Knight on Nov 14, 2016.
             Was a High Priest of Lugonu.
             Slain by a crocodile (8 damage)
             ... on level 1 of the Lair of Beasts.
             The game lasted 00:29:44 (15584 turns).

Gargoyl the Carver (Demonspawn Abyssal Knight)     Turns: 15584, Time: 00:29:44

Health: -4/99      AC: 15    Str: 16    XL:     11   Next: 40%
Magic:  18/18      EV: 16    Int: 12    God:    Lugonu [*****.]
Gold:   482        SH:  0    Dex: 12    Spells: 0 memorised, 10 levels left

rFire  . . .     SeeInvis .     e - +3 triple sword
rCold  + . .     Gourm    .     v - quicksilver dragon scales
rNeg   . . .     Faith    .     (shield currently unavailable)
rPois  .         Spirit   .     (helmet restricted)
rElec  .         Reflect  .     u - +0 cloak
rCorr  .         Harm     .     (no gloves)
MR     ++...                    (no boots)
Stlth  +.........               (no amulet)
                                Q - +4 ring of evasion
                                P - ring of protection from magic

@: lethally poisoned (-4 -> -18)
A: horns 1, talons 2, yellow scales 1, cold resistance 1, dopey 1, foul stench
1, robust 2, evolution 1, rot immunity, freezing cloud immunity
a: Depart the Abyss, Bend Space, Banish, Corrupt, Enter the Abyss, Renounce
Religion


You were on level 1 of the Lair of Beasts.
You worshipped Lugonu.
Lugonu was extremely pleased with you.
You were not hungry.

You visited 2 branches of the dungeon, and saw 11 of its levels.
You visited the Abyss 1 time.
You also visited: Ossuary.

You collected 579 gold pieces.
You spent 97 gold pieces at shops.

Inventory:

Hand Weapons
 a - a +1 hand axe
 e - a +3 triple sword (weapon)
 w - a +0 war axe
 K - a +6 spear of venom
 O - a +0 executioner's axe
Missiles
 x - 7 tomahawks (quivered)
Armour
 l - a +2 helmet
 u - a +0 cloak (worn)
 v - quicksilver dragon scales (worn)
Jewellery
 F - an uncursed ring of protection from cold
 G - an uncursed ring of ice
 L - an uncursed ring of resist corrosion
 P - a ring of protection from magic (left hand)
 Q - a +4 ring of evasion (right hand)
Wands
 f - a wand of slowing (36/48)
 i - a wand of polymorph (7/24)
 k - a wand of iceblast (7/15)
 o - a wand of iceblast (8/15)
 H - a wand of flame (15/48)
 J - a wand of disintegration (12/24)
 N - a wand of acid (6/15)
Scrolls
 b - 3 scrolls of amnesia
 g - 8 scrolls of identify
 h - 2 scrolls of magic mapping
 n - 2 scrolls of recharging
 p - 2 scrolls of blinking
 y - 2 scrolls of remove curse
Potions
 q - 2 potions of cancellation
 z - 2 potions of agility
Books
 r - a book of Necromancy

   Spells                             Type                      Level
   a - Pain                           Necromancy                   1
   b - Animate Skeleton               Necromancy                   1
   c - Vampiric Draining              Necromancy                   3
   d - Regeneration                   Charms/Necromancy            3
   e - Animate Dead                   Necromancy                   4
   f - Control Undead                 Necromancy                   4
 C - a book of Changes

   Spells                             Type                      Level
   a - Beastly Appendage              Transmutation                1
   b - Sticks to Snakes               Transmutation                2
   c - Spider Form                    Transmutation/Poison         3
   d - Ice Form                       Ice/Transmutation            4
   e - Blade Hands                    Transmutation                5
 D - a book of Maledictions

   Spells                             Type                      Level
   a - Corona                         Hexes                        1
   b - Ensorcelled Hibernation        Hexes/Ice                    2
   c - Confuse                        Hexes                        3
   d - Tukima's Dance                 Hexes                        3
   e - Dazzling Spray                 Conjuration/Hexes            3
 E - a book of Minor Magic

   Spells                             Type                      Level
   a - Magic Dart                     Conjuration                  1
   b - Blink                          Translocation                2
   c - Call Imp                       Summoning                    2
   d - Repel Missiles                 Charms/Air                   2
   e - Slow                           Hexes                        2
   f - Conjure Flame                  Conjuration/Fire             3
   g - Mephitic Cloud                 Conjuration/Poison/Air       3
 I - a book of Misfortune

   Spells                             Type                      Level
   a - Confusing Touch                Hexes                        1
   b - Confuse                        Hexes                        3
   c - Gell's Gravitas                Hexes/Translocation          3
   d - Petrify                        Transmutation/Earth          4
   e - Metabolic Englaciation         Hexes/Ice                    5
   f - Yara's Violent Unravelling     Hexes/Transmutation          5
Comestibles
 c - 4 bread rations
 d - 8 meat rations
 j - 2 fruits
 m - 3 slices of pizza
 A - 9 royal jellies
 M - 4 beef jerkies


   Skills:
 + Level 6.8 Fighting
 + Level 10.7 Long Blades
 + Level 2.8 Axes
 + Level 0.1 Throwing
 * Level 8.1 Armour
 + Level 4.1 Dodging
 * Level 9.9 Invocations


You had 10 spell levels left.
You didn't know any spells.

Dungeon Overview and Level Annotations

Branches:
Dungeon (10/15)            Temple (0/1) D:6            Lair (1/6) D:9
    Orc: D:9-12

Altars:
Ashenzari
Dithmenos
Elyvilon
Gozag
Nemelex Xobeh
Trog
Uskayaw
Xom
Yredelemnul
The Shining One

Shops:
D:8 *   D:10 }


Innate Abilities, Weirdness & Mutations

You have razor-sharp toenails.
Your flesh is cold resistant. (rC+)
You may emit foul miasma when damaged in melee.
You are immune to rotting.
You are immune to freezing clouds.
You have a pair of small horns on your head.
You are partially covered in yellow scales. (AC +2)
You are dopey. (Int -2)
You are very robust. (+20% HP)
You evolve.


Message History

You feel sick. The wyvern bites you!
* * * LOW HITPOINT WARNING * * *
The wyvern looks sick.
The wyvern bites you.
* * * LOW HITPOINT WARNING * * *
You see here a spiny frog corpse.
Okay, then.
* * * LOW HITPOINT WARNING * * *
You feel sick.
* * * LOW HITPOINT WARNING * * *
You feel sick. The crocodile completely misses you.
You riposte.
You hit the crocodile but do no damage. Your kick misses the crocodile.
The wyvern bites you but does no damage.
You see here a porcupine corpse.
* * * LOW HITPOINT WARNING * * *
You feel sick.
You slash the crocodile!
The crocodile is moderately wounded.
* * * LOW HITPOINT WARNING * * *
You feel sick. The crocodile bites you!
You die...

..# #.....## .
..# ...... ..
#..# .....#
..#... .... ....
... ### #..####
#.# # #..
#...#l###.###.###
#..
#..tlt@........#
##.
#..+.###.P.##..#
#.. #...## #.###
.... #....# #..##
##PP. #..###
##..## ###. ....
##..## #. ...#
##..# ## .#..
##.# #..# ##


You could see a komodo dragon, 2 crocodiles and a wyvern.

Vanquished Creatures
  Fannar (D:10)
  Pikel (D:9)
  A spiny frog (Lair:1)
  A queen bee (D:9)
  3 trolls
  A two-headed ogre (D:9)
  3 blink frogs (Lair:1)
  A hippogriff (D:10)
  3 yaks (D:9)
  A basilisk (Lair:1)
  Menkaure (D:6)
  A water moccasin (Lair:1)
  A sky beast (D:10)
  A porcupine (Lair:1)
  An ice beast (D:9)
  2 phantoms
  A necrophage (D:9)
  5 ogres
  A crocodile (Lair:1)
  6 centaurs
  3 gnoll sergeants (D:6)
  2 bullfrogs (D:10)
  3 water moccasin zombies (Ossuary)
  4 scorpions
  19 killer bees
  2 howler monkeys
  4 crimson imps
  A bullfrog zombie (D:9)
  A centaur zombie (D:7)
  5 hounds
  6 gnoll shamans (D:6)
  A jelly (D:9)
  2 centaur skeletons
  5 orc priests
  2 bullfrog skeletons
  3 iguanas
  10 worker ants
  Ijyb (D:2)
  Terence (D:3)
  10 orc wizards
  3 big kobold zombies (Ossuary)
  A hound zombie (D:10)
  A hound skeleton (D:6)
  2 mummies
  A worker ant zombie (D:5)
  Robin (D:2)
  12 adders
  47 gnolls
  2 shadow imps
  3 oozes
  5 adder zombies
  2 worms (D:2)
  5 dart slugs
  3 leopard geckos
  36 orcs
  10 bats
  6 giant cockroaches
  10 goblins
  8 hobgoblins
  31 jackals
  4 quokkas
  A frilled lizard (D:3)
  4 gnoll zombies (Ossuary)
  4 hobgoblin zombies (Ossuary)
  14 kobolds
  3 kobold zombies (Ossuary)
  A leopard gecko skeleton (D:4)
  An orc zombie (Ossuary)
  2 quokka skeletons
  7 rats
351 creatures vanquished.

Vanquished Creatures (others)
  A hydra (D:8)
  2 blink frogs (Lair:1)
  A slave (D:9)
  A mummy (Ossuary)
  A plant (D:6)
6 creatures vanquished.

Grand Total: 357 creatures vanquished

Notes
Turn   | Place    | Note
-------+----------+-------------------------------------------
     0 | Abyss:1  | Gargoyl the Demonspawn Abyssal Knight began the quest for the Orb.
     0 | Abyss:1  | Reached XP level 1. HP: 18/18 MP: 2/2
    27 | Abyss:1  | Noticed a large abomination
   119 | Abyss:2  | Noticed a large abomination
   120 | D:1      | Escaped the Abyss
   253 | D:1      | Reached * piety under Lugonu
   757 | D:1      | Gained mutation: You have sharp toenails. [demonic ancestry]
   757 | D:1      | Reached XP level 2. HP: 24/24 MP: 3/3
  1222 | D:1      | Reached skill level 1 in Dodging
  1385 | D:1      | Reached XP level 3. HP: 24/29 MP: 5/5
  1670 | D:2      | Reached skill level 1 in Long Blades
  1988 | D:2      | Found a basalt altar of Yredelemnul.
  2042 | D:2      | Found an opulent altar of Gozag.
  2043 | D:2      | Found a bloodstained altar of Trog.
  2047 | D:2      | Noticed Ijyb
  2064 | D:2      | Killed Ijyb
  2064 | D:2      | Reached skill level 2 in Long Blades
  2064 | D:2      | Gained mutation: You are immune to rotting. [demonic ancestry]
  2064 | D:2      | Reached XP level 4. HP: 31/36 MP: 6/6
  2260 | D:2      | Reached ** piety under Lugonu
  2474 | D:2      | Noticed Robin
  2486 | D:2      | Gained mutation: You are robust. (+10% HP) [potion of mutation]
  2486 | D:2      | Gained mutation: You are dopey. (Int -2) [potion of mutation]
  2486 | D:2      | Gained mutation: You evolve. [potion of mutation]
  2496 | D:2      | Killed Robin
  2929 | D:2      | Gained mutation: Your flesh is cold resistant. (rC+) [demonic ancestry]
  2929 | D:2      | Reached XP level 5. HP: 42/45 MP: 7/7
  2985 | D:2      | Found a shadowy altar of Dithmenos.
  3273 | D:3      | Noticed Terence
  3277 | D:3      | Killed Terence
  3653 | D:3      | Found a hide-covered altar of Uskayaw.
  3653 | D:3      | Noticed a dagger
  3655 | D:3      | Noticed a hand axe
  4036 | D:3      | Reached skill level 3 in Long Blades
  4242 | D:3      | Reached *** piety under Lugonu
  4447 | D:3      | Gained mutation: You have razor-sharp toenails. [evolution]
  4460 | D:4      | Found a sand-covered staircase.
  4469 | D:4      | Gained mutation: You may emit foul miasma when damaged in melee. [demonic ancestry]
  4469 | D:4      | Reached XP level 6. HP: 23/52 MP: 9/9
  4473 | Ossuary  | Entered an ossuary
  5050 | Ossuary  | Reached skill level 4 in Long Blades
  5487 | Ossuary  | Reached XP level 7. HP: 28/59 MP: 10/10
  5527 | Ossuary  | Gained mutation: You are partially covered in yellow scales. (AC +2) [potion of mutation]
  5527 | Ossuary  | Gained mutation: You expend magic power (3 MP) to strengthen your wands. [potion of mutation]
  5527 | Ossuary  | Gained mutation: You have a pair of small horns on your head. [potion of mutation]
  5528 | Ossuary  | Gained mutation: Armour fits poorly on your strangely shaped body. [potion of mutation]
  5528 | Ossuary  | Lost mutation: Armour fits poorly on your strangely shaped body. [potion of mutation]
  5528 | Ossuary  | Gained mutation: You are very robust. (+20% HP) [potion of mutation]
  6144 | D:4      | Reached skill level 5 in Invocations
  6215 | D:4      | Reached **** piety under Lugonu
  6698 | D:5      | Entered Level 5 of the Dungeon
  6707 | D:5      | Reached skill level 5 in Long Blades
  6708 | D:5      | Found a glowing golden altar of the Shining One.
  6808 | D:5      | Lost mutation: You expend magic power (3 MP) to strengthen your wands. [evolution]
  6834 | D:5      | Found a glowing golden altar of the Shining One.
  6850 | D:5      | Gained mutation: You are immune to freezing clouds. [demonic ancestry]
  6850 | D:5      | Reached XP level 8. HP: 64/73 MP: 10/12
  7764 | D:5      | Reached skill level 5 in Armour
  7827 | D:6      | Reached skill level 6 in Long Blades
  8416 | D:6      | Noticed Menkaure
  8433 | D:6      | Killed Menkaure
  8829 | D:6      | Reached ***** piety under Lugonu
  8951 | D:6      | Found a white marble altar of Elyvilon.
  9010 | D:6      | Reached XP level 9. HP: 65/79 MP: 13/13
  9178 | D:6      | Reached skill level 7 in Long Blades
  9838 | D:6      | Found a staircase to the Ecumenical Temple.
  9913 | D:6      | Reached skill level 5 in Fighting
 10296 | D:7      | Found a shimmering altar of Xom.
 11009 | D:8      | Found a shattered altar of Ashenzari.
 11400 | D:8      | Reached skill level 8 in Long Blades
 11524 | D:8      | Noticed an eight-headed hydra
 11529 | D:8      | Banished an eight-headed hydra
 11546 | D:8      | Found a sparkling altar of Nemelex Xobeh.
 11637 | D:8      | Found Natupp's General Store.
 11643 | D:8      | Bought a scroll of enchant armour for 97 gold pieces
 11750 | D:9      | Noticed a troll
 11758 | D:9      | Killed a troll
 12157 | D:9      | Reached XP level 10. HP: 83/88 MP: 16/16
 12235 | D:9      | Reached skill level 9 in Long Blades
 12837 | D:9      | Reached ****** piety under Lugonu
 13004 | D:9      | Noticed Pikel
 13012 | D:9      | Killed Pikel
 13193 | D:9      | Found a sparkling altar of Nemelex Xobeh.
 13202 | D:9      | Found a staircase to the Lair.
 13588 | D:10     | Entered Level 10 of the Dungeon
 13686 | D:10     | Noticed Fannar
 13709 | D:10     | Killed Fannar
 13709 | D:10     | Reached skill level 10 in Long Blades
 13883 | D:10     | Reached XP level 11. HP: 51/99 MP: 17/17
 14562 | D:10     | Found Ruam's Quality Used Wands.
 14985 | Lair:1   | Entered Level 1 of the Lair of Beasts
 15473 | Lair:1   | Found a white marble altar of Elyvilon.
 15483 | Lair:1   | Noticed a six-headed hydra
 15486 | Lair:1   | Banished a six-headed hydra
 15584 | Lair:1   | HP: 4/99 [poisoned by a spiny frog]
 15584 | Lair:1   | Slain by a crocodile

Skill      XL: |  1  2  3  4  5  6  7  8  9 10 11 |
---------------+----------------------------------+-----
Armour         | 2 3 4 5 6 7 8 |  8.1
Dodging        | 1 2 3 4 |  4.1
Long Blades    | 2 3 4 5 6 8 10 | 10.7
Invocations    | 3 4 5 6 8 9 |  9.9
Fighting       | 4 5 6 |  6.8
Axes           | 2 |  2.8
Throwing       | |  0.1

Action                   |  1- 3 |  4- 6 |  7- 9 | 10-12 || total
-------------------------+-------+-------+-------+-------++-------
Melee: Triple sword      |   108 |   309 |   446 |   217 ||  1080
       Kick              |    19 |    89 |   145 |    68 ||   321
       Hand axe          |       |    13 |       |       ||    13
       Headbutt          |       |       |    91 |    41 ||   132
       Executioner's axe |       |       |       |    24 ||    24
Throw: Tomahawk          |       |       |     2 |     1 ||     3
Invok: Depart the Abyss  |     1 |       |       |       ||     1
       Banish            |       |       |     3 |     5 ||     8
  Use: Potion            |       |    10 |     7 |     8 ||    25
       Scroll            |       |       |    23 |     5 ||    28
  Eat: Chunk             |     4 |     8 |    18 |    11 ||    41
       Bread ration      |       |     1 |     1 |     1 ||     3
       Pizza             |       |       |       |     1 ||     1
Armor: Scale mail        |    70 |    88 |       |       ||   158
       Chain mail        |       |   197 |    80 |       ||   277
       Quicksilver drago |       |       |   361 |   194 ||   555
       Skin              |       |       |       |     7 ||     7
Dodge: Dodged            |    87 |   218 |   521 |   343 ||  1169
       Rpst.: Triple sword |    31 |    68 |   152 |    91 ||   342
